 Dungeon Crawl Stone Soup version 0.27-a0-597-g524d869a0f (webtiles) character file.

Game seed: 16221269136417915201

4138 robertstho the Frost Mage (level 10, -2/74 HPs)
             Began as a Gnoll Ice Elementalist on Mar 11, 2021.
             Was an Elder of Sif Muna.
             Slain by an unseen horror (6 damage)
             ... on level 9 of the Dungeon.
             The game lasted 00:18:57 (12399 turns).

robertstho the Frost Mage (Gnoll Ice Elementalist) Turns: 12399, Time: 00:18:57

Health: -2/74      AC: 15    Str:  8    XL:     10   Next: 27%
Magic:  7/20       EV: 14    Int: 24    God:    Sif Muna [****..]
Gold:   266        SH:  0    Dex: 12    Spells: 8/23 levels left

rFire    . . .     SeeInvis .   i - +0 hand axe (venom)
rCold    . . .     Faith    .   (no shield)
rNeg     . . .     Spirit   .   a - +0 robe
rPois    +         Reflect  .   F - +0 helmet
rElec    .         Harm     .   y - +0 cloak
rCorr    .         Rampage  .   (no gloves)
Will     .....                  t - +0 pair of boots
Stlth    +++.......             n - amulet of magic regeneration
HPRegen  0.22/turn              c - +6 ring of intelligence
MPRegen  0.42/turn              l - ring of poison resistance

@: ice-armoured, very slightly contaminated
A: fangs 1, strong nose, distributed training
a: Renounce Religion, Channel Magic, Forget Spell, Divine Exegesis


You were on level 9 of the Dungeon.
You worshipped Sif Muna.
Sif Muna was greatly pleased with you.
You visited 1 branch of the dungeon, and saw 9 of its levels.

You collected 344 gold pieces.
You spent 78 gold pieces at shops.

Inventory:

Hand Weapons
 i - a +0 hand axe of venom (weapon)
 u - a +2 short sword of protection
 w - a +0 short sword of holy wrath
 J - a +2 scimitar of flaming
Armour
 a - a +0 robe (worn)
 t - a +0 pair of boots (worn)
 y - a +0 cloak (worn)
 F - a +0 helmet (worn)
Jewellery
 c - a +6 ring of intelligence (right hand)
 g - a ring of flight
 l - a ring of poison resistance (left hand)
 n - an amulet of magic regeneration (around neck)
 C - a +6 ring of dexterity
 G - an amulet of regeneration
 H - the necklace of Bloodlust {*Rage +Rage Will++ Int-3 Slay+6}
   (You found it on level 7 of the Dungeon)

   [amulet of nothing]

   It affects your intelligence (-3).
   It affects your accuracy and damage with ranged weapons and melee attacks
   (+6).
   It affects your willpower, your defense against some magical effects.
   It lets you go berserk.
   It may make you go berserk in combat.
Wands
 q - a wand of paralysis (7)
 A - a wand of iceblast (10)
 D - a wand of random effects (20)
Scrolls
 e - 6 scrolls of teleportation
 f - a scroll of fear {unknown}
 h - a scroll of immolation {unknown}
 j - a scroll of fog
 m - 3 scrolls of magic mapping {unknown}
 o - 4 scrolls of enchant armour {unknown}
 z - 3 scrolls of amnesia {unknown}
 B - 3 scrolls of enchant weapon {unknown}
 E - 2 scrolls of identify
Potions
 b - 4 potions of might
 d - 3 potions of haste
 k - a potion of heal wounds {unknown}
 p - 3 potions of mutation
 r - 5 potions of curing
 s - a potion of attraction {unknown}
 v - 2 potions of flight
 x - 2 potions of cancellation {unknown}
 I - 2 potions of lignification {unknown}


   Skills:
 + Level 5.1 Fighting
 + Level 5.1 Short Blades
 + Level 5.1 Long Blades
 + Level 5.1 Axes
 + Level 5.1 Maces & Flails
 + Level 5.1 Polearms
 + Level 5.1 Staves
 + Level 5.1 Slings
 + Level 5.1 Bows
 + Level 5.1 Crossbows
 + Level 5.1 Throwing
 + Level 5.1 Armour
 + Level 6.9 Dodging
 + Level 6.7 Stealth
 + Level 5.1 Shields
 + Level 5.1 Unarmed Combat
 + Level 7.2 Spellcasting
 + Level 4.2 Conjurations
 + Level 4.2 Hexes
 + Level 4.2 Summonings
 + Level 4.2 Necromancy
 + Level 4.2 Translocations
 + Level 4.2 Transmutations
 + Level 4.2 Fire Magic
 + Level 8.3 Ice Magic
 + Level 4.2 Air Magic
 + Level 4.2 Earth Magic
 + Level 4.2 Poison Magic
 + Level 5.6 Invocations
 + Level 5.1 Evocations


You had 8 spell levels left.
You knew the following spells:

 Your Spells              Type           Power      Damage    Failure   Level
a - Freeze                Ice            100%       1d11      1%          1
b - Frozen Ramparts       Ice            98%        1d11      1%          3
c - Ozocubu's Armour      Ice            49%        N/A       1%          3
d - Hailstorm             Conj/Ice       39%        3d9       5%          4
e - Summon Ice Beast      Ice/Summ       39%        N/A       5%          4

Your spell library contained the following spells:

 Spells                   Type           Power      Damage    Failure   Level


Dungeon Overview and Level Annotations

Branches:
Dungeon (9/15)             Temple (0/1) D:5             Orc (0/2) D:9
   Lair: D:8-11

Altars:
Ashenzari
Dithmenos
Gozag
Makhleb
Nemelex Xobeh
Qazlal
Sif Muna
Vehumet
Wu Jian
Yredelemnul
Zin

Shops:
D:4 *   D:5 *[?   D:7 =   D:9 (:


Innate Abilities, Weirdness & Mutations

You have very sharp teeth.
Your uncanny sense of smell can sniff out nearby items.
Your experience applies equally to all skills.


Message History

Okay, then.
A puff of flame appears from out of thin air!
The puff of flame hits your ice beast!
Your ice beast melts!
Your surroundings suddenly seem different.
You start resting.
You feel less confused.
You start resting.
There is a strange disturbance nearby!
There is a strange disturbance nearby!
There is a strange disturbance nearby!
There is a strange disturbance nearby!
Okay, then.
Casting: Hailstorm (dangerous; 5% risk of failure)
Confirm with . or Enter, or press ? or * to list all spells.
A chill wind blows around you.
Casting: Summon Ice Beast (dangerous; 5% risk of failure)
Confirm with . or Enter, or press ? or * to list all spells.
A chill wind blows around you.
Something hits you but does no damage. x2
Casting: Summon Ice Beast (dangerous; 5% risk of failure)
Confirm with . or Enter, or press ? or * to list all spells.
Casting: Frozen Ramparts (safe; 1% risk of failure)
Press: ? - help, Dir - look around, f - activate You miscast Frozen Ramparts.
You are very lightly contaminated with residual magic.
Nothing appears to happen.
Something hits you!
* * * LOW HITPOINT WARNING * * *
Something hits you but does no damage.
Casting: Frozen Ramparts (safe; 1% risk of failure)
Confirm with . or Enter, or press ? or * to list all spells.
You don't have enough magic to cast this spell.
Unknown command.
Casting: Frozen Ramparts (safe; 1% risk of failure)
Confirm with . or Enter, or press ? or * to list all spells.
A film of ice covers your body! Something barely misses you.
Unknown command.
Casting: Ozocubu's Armour (safe; 1% risk of failure)
Confirm with . or Enter, or press ? or * to list all spells.
A chill wind blows around you. Something hits you.
You die...

#...# .....
###########
#..@.......
#.YYY......
#..........
#..........
#########..
.


You could see 3 friendly ice beasts.

Vanquished Creatures
  Erica (D:8)
  A hornet (D:9)
  A steam dragon (D:6)
  3 orc warriors
  A sky beast (D:6)
  A black bear (D:7)
  A centaur (D:7)
  3 ogres
  5 bullfrogs
  Blork the orc (D:4)
  A scorpion (D:8)
  6 killer bees
  5 howler monkeys
  A crimson imp (D:9)
  A quasit (D:8)
  A jelly (D:8)
  A hound (D:6)
  A gnoll shaman (D:6)
  4 orc priests
  A centaur skeleton (D:8)
  2 iguanas
  Natasha (twice) (D:3)
  13 orc wizards
  5 worker ants
  A hound zombie (D:9)
  18 gnolls
  A howler monkey skeleton (D:3)
  6 adders
  3 white imps
  2 ufetubi
  3 adder zombies
  2 worms (D:2)
  2 dart slugs (D:2)
  5 leopard geckos
  59 orcs
  A ball python (D:8)
  9 bats
  6 giant cockroaches
  10 goblins
  7 hobgoblins
  15 jackals
  A quokka (D:8)
  3 frilled lizards
  A jackal zombie (D:5)
  14 kobolds
  A quokka skeleton (D:7)
  A quokka zombie (D:8)
  11 rats
244 creatures vanquished.

Vanquished Creatures (collateral kills)
  A centaur skeleton (D:9)
  A necrophage (D:6)
  An ice beast (D:7)
  A bullfrog (D:9)
  3 killer bees (D:9)
  2 nameless horrors
  A jelly (D:9)
  A bullfrog skeleton (D:7)
  2 orc priests
  An orc wizard (D:9)
  An adder (D:6)
  A white imp (D:7)
  A leopard gecko (D:6)
  6 orcs
  A quokka (D:3)
24 creatures vanquished.

Vanquished Creatures (others)
  A white imp (D:8)
1 creature vanquished.

Grand Total: 269 creatures vanquished

Notes
Turn   | Place    | Note
-------+----------+-------------------------------------------
     0 | D:1      | robertstho the Gnoll Ice Elementalist began the quest for
                  | the Orb.
     0 | D:1      | Reached XP level 1. HP: 13/13 MP: 6/6
   402 | D:1      | Reached XP level 2. HP: 19/19 MP: 7/7
   732 | D:1      | Reached XP level 3. HP: 22/25 MP: 9/9
   838 | D:1      | Reached skill level 5 in Spellcasting
  1392 | D:2      | Reached skill level 1 in Invocations
  1446 | D:1      | Learned a level 3 spell: Frozen Ramparts
  1450 | D:1      | Learned a level 3 spell: Ozocubu's Armour
  1612 | D:2      | Found a shimmering blue altar of Sif Muna.
  1620 | D:2      | Became a worshipper of Sif Muna the Loreminder
  1713 | D:2      | Reached skill level 1 in Fighting
  1713 | D:2      | Reached skill level 1 in Short Blades
  1713 | D:2      | Reached skill level 1 in Long Blades
  1713 | D:2      | Reached skill level 1 in Axes
  1713 | D:2      | Reached skill level 1 in Maces & Flails
  1713 | D:2      | Reached skill level 1 in Polearms
  1713 | D:2      | Reached skill level 1 in Staves
  1713 | D:2      | Reached skill level 1 in Slings
  1713 | D:2      | Reached skill level 1 in Bows
  1713 | D:2      | Reached skill level 1 in Crossbows
  1713 | D:2      | Reached skill level 1 in Throwing
  1713 | D:2      | Reached skill level 1 in Armour
  1713 | D:2      | Reached skill level 1 in Shields
  1713 | D:2      | Reached skill level 1 in Unarmed Combat
  1713 | D:2      | Reached skill level 1 in Evocations
  1713 | D:2      | Reached XP level 4. HP: 8/32 MP: 7/11
  2036 | D:2      | Reached skill level 1 in Conjurations
  2036 | D:2      | Reached skill level 1 in Hexes
  2036 | D:2      | Reached skill level 1 in Summonings
  2036 | D:2      | Reached skill level 1 in Necromancy
  2036 | D:2      | Reached skill level 1 in Translocations
  2036 | D:2      | Reached skill level 1 in Transmutations
  2036 | D:2      | Reached skill level 1 in Fire Magic
  2036 | D:2      | Reached skill level 1 in Air Magic
  2036 | D:2      | Reached skill level 1 in Earth Magic
  2036 | D:2      | Reached skill level 1 in Poison Magic
  2376 | D:2      | Reached XP level 5. HP: 24/37 MP: 12/12
  2801 | D:2      | Found an opulent altar of Gozag.
  2801 | D:2      | Found an ornate altar of the Wu Jian Council.
  3301 | D:3      | Reached * piety under Sif Muna
  3369 | D:3      | Found a broken altar of Ashenzari.
  3371 | D:3      | Found a glowing silver altar of Zin.
  3645 | D:3      | Reached XP level 6. HP: 44/44 MP: 9/13
  3704 | D:3      | Noticed Natasha
  3704 | D:3      | You fall into a shaft and drop 2 floors!
  3704 | D:5      | Entered Level 5 of the Dungeon
  3985 | D:5      | Found a staircase to the Ecumenical Temple.
  4009 | D:5      | Found Ogagoy's Magic Scroll Emporium.
  4019 | D:5      | Reached skill level 5 in Dodging
  4025 | D:5      | Learned a level 4 spell: Hailstorm
  4235 | D:5      | Bought a scroll of teleportation for 39 gold pieces
  4235 | D:5      | Bought a scroll of noise for 13 gold pieces
  4235 | D:5      | Bought a scroll of fog for 26 gold pieces
  4249 | D:4      | Reached XP level 7. HP: 45/50 MP: 10/15
  4255 | D:4      | Noticed Blork the orc
  4361 | D:3      | Learned a level 4 spell: Summon Ice Beast
  4388 | D:3      | Killed Natasha
  4465 | D:3      | Noticed Natasha
  4867 | D:3      | You fall into a shaft and drop 1 floor!
  5088 | D:4      | Killed Blork the orc
  5088 | D:4      | Reached ** piety under Sif Muna
  5089 | D:4      | Reached skill level 5 in Stealth
  5298 | D:4      | Found Sokkux's Assorted Antiques.
  5316 | D:4      | Reached XP level 8. HP: 33/57 MP: 16/16
  5684 | D:4      | Found a shadowy altar of Dithmenos.
  6547 | D:3      | Killed Natasha
  6867 | D:5      | Found Dusyrph's Armour Boutique.
  6872 | D:5      | Found a basalt altar of Yredelemnul.
  6940 | D:5      | Found a stormy altar of Qazlal.
  7107 | D:5      | Found Kuaghazy's Assorted Antiques.
  7916 | D:6      | Reached *** piety under Sif Muna
  8345 | D:6      | Found a sparkling altar of Nemelex Xobeh.
  8760 | D:7      | Reached XP level 9. HP: 12/65 MP: 1/18
  9234 | D:7      | Found a broken altar of Ashenzari.
  9362 | D:7      | Found Nadd's Jewellery Emporium.
  9368 | D:7      | Found the necklace of Bloodlust {*Rage +Rage Will++ Int-3
                  | Slay+6}
  9490 | D:7      | Reached skill level 8 in Ice Magic
  9763 | D:8      | Noticed Erica
 10387 | D:8      | Killed Erica
 10388 | D:8      | Reached skill level 5 in Invocations
 10873 | D:8      | Reached **** piety under Sif Muna
 11540 | D:9      | Reached XP level 10. HP: 64/73 MP: 20/20
 11940 | D:9      | Found a radiant altar of Vehumet.
 11941 | D:9      | Found a burning altar of Makhleb.
 12017 | D:9      | Found a staircase to the Orcish Mines.
 12028 | D:9      | Found Wiqoi's Book Shop.
 12041 | D:9      | Reached skill level 5 in Fighting
 12041 | D:9      | Reached skill level 5 in Short Blades
 12041 | D:9      | Reached skill level 5 in Long Blades
 12041 | D:9      | Reached skill level 5 in Axes
 12041 | D:9      | Reached skill level 5 in Maces & Flails
 12041 | D:9      | Reached skill level 5 in Polearms
 12041 | D:9      | Reached skill level 5 in Staves
 12041 | D:9      | Reached skill level 5 in Slings
 12041 | D:9      | Reached skill level 5 in Bows
 12041 | D:9      | Reached skill level 5 in Crossbows
 12041 | D:9      | Reached skill level 5 in Throwing
 12041 | D:9      | Reached skill level 5 in Armour
 12041 | D:9      | Reached skill level 5 in Shields
 12041 | D:9      | Reached skill level 5 in Unarmed Combat
 12041 | D:9      | Reached skill level 5 in Evocations
 12315 | D:9      | Found Omue's Weapon Boutique.
 12399 | D:9      | Slain by an unseen horror

Illustrated notes

Levels and vault maps discovered:
D:1:      minmay_arrival_cross, layout_loops_ring,
          chequers_serial_rivers_micro_d
D:2:      layout_rooms, overflow_temple_1_default,
          amethyst_overflow_temple_binary, serial_co_window_serial,
          co_window_paths_b, co_window_paths_b, co_window_corner_a,
          co_window_paths_b, co_window_paths_a, co_window_of_opportunity_b,
          co_window_corner_b, co_window_paths_c, co_window_corner_ca,
          co_window_broadway_c, co_window_of_opportunity_b,
          co_window_unsneaky_path_e, glass_columns_a, glass_columns_b,
          glass_columns_a, glass_columns_a, st_stairs_9, minmay_pentomino_o2
D:3:      layout_basic, nicolae_overflow_crystal_walls,
          overflow_temple_1_default, kennysheep_cluttered_room, uniq_natasha
D:4:      layout_layer_cave, grunt_dithmenos_smoke_and_mirrors, serial_shops,
          shop_statue, uniq_blork_the_orc
D:5:      layout_cave_pools, nicolae_qazlal_general_emergency,
          minmay_temple_entry_waves, basic_altar, serial_shops,
          nicolae_shop_competitors_out_of_business, nicolae_shop_behind_doors,
          shop, kennysheep_generic_room_16
D:6:      layout_basic, nemelex_altar_shiori, hangedman_decor_peaks_small
D:7:      layout_cave_pools, serial_shops, shop_fountains, basic_altar
D:8:      layout_gridville, uniq_erica
D:9:      layout_grid_maze, grunt_temple_overflow_lords_of_destruction,
          david_orc_2, serial_shops, shop_statue, nicolae_shop_behind_doors,
          basic_altar

Skill      XL: |  1  2  3  4  5  6  7  8  9 10 |
---------------+-------------------------------+-----
Spellcasting   | 5 6 7 |  7.2
Invocations    | 1 2 3 4 5 |  5.6
Fighting       | 1 2 3 4 5 |  5.1
Short Blades   | 1 2 3 4 5 |  5.1
Long Blades    | 1 2 3 4 5 |  5.1
Axes           | 1 2 3 4 5 |  5.1
Maces & Flails | 1 2 3 4 5 |  5.1
Polearms       | 1 2 3 4 5 |  5.1
Staves         | 1 2 3 4 5 |  5.1
Slings         | 1 2 3 4 5 |  5.1
Bows           | 1 2 3 4 5 |  5.1
Crossbows      | 1 2 3 4 5 |  5.1
Throwing       | 1 2 3 4 5 |  5.1
Armour         | 1 2 3 4 5 |  5.1
Shields        | 1 2 3 4 5 |  5.1
Unarmed Combat | 1 2 3 4 5 |  5.1
Evocations     | 1 2 3 4 5 |  5.1
Conjurations   | 1 2 3 4 |  4.2
Hexes          | 1 2 3 4 |  4.2
Summonings     | 1 2 3 4 |  4.2
Necromancy     | 1 2 3 4 |  4.2
Translocations | 1 2 3 4 |  4.2
Transmutations | 1 2 3 4 |  4.2
Fire Magic     | 1 2 3 4 |  4.2
Air Magic      | 1 2 3 4 |  4.2
Earth Magic    | 1 2 3 4 |  4.2
Poison Magic   | 1 2 3 4 |  4.2
Dodging        | 5 6 |  6.9
Stealth        | 5 6 |  6.7
Ice Magic      | 8 |  8.3

Action                   |  1- 3 |  4- 6 |  7- 9 | 10-12 || total
-------------------------+-------+-------+-------+-------++-------
Melee: Unarmed           |     6 |       |       |       ||     6
       Hand axe          |    79 |    83 |   237 |    48 ||   447
       Bite              |     6 |     5 |    21 |     5 ||    37
       Punch             |       |       |     1 |     1 ||     2
 Cast: Freeze            |    10 |     9 |    10 |       ||    29
       Frozen Ramparts   |     1 |    12 |    30 |     5 ||    48
       Ozocubu's Armour  |       |     2 |     6 |     3 ||    11
       Hailstorm         |       |       |    24 |     5 ||    29
       Summon Ice Beast  |       |       |    13 |     9 ||    22
Invok: Channel Magic     |       |       |     2 |     1 ||     3
  Use: Potion            |     1 |     3 |     3 |       ||     7
       Scroll            |       |     3 |     2 |     1 ||     6
 Stab: Sleeping          |     5 |     8 |     8 |     1 ||    22
       Distracted        |     1 |       |       |       ||     1
Armor: Robe              |    15 |    21 |    67 |    18 ||   121
Dodge: Dodged            |    73 |    66 |   224 |    71 ||   434

Table legend: (Time is in decaauts)
 A = Elapsed time spent in this place.
 B = Non-inter-level travel time spent in this place.
 C = Inter-level travel time spent in this place.
 D = Time resting spent in this place.
 E = Time spent auto-exploring this place.
 F = Levels seen in this place.
 G = Mean time per level.
                   A        B        C        D        E       F      G
               +--------+--------+--------+--------+--------+-----+--------+
         Total |  12458 |  12071 |    387 |   2626 |   7628 |   9 | 1384.2 |
       Dungeon |  12458 |  12071 |    387 |   2626 |   7628 |   9 | 1384.2 |
               +--------+--------+--------+--------+--------+-----+--------+

Top non-repeatable levels by time:
     D:2: 1662 daAuts
     D:3: 1611 daAuts
     D:4: 1572 daAuts
     D:1: 1530 daAuts
     D:7: 1518 daAuts
     D:6: 1273 daAuts
     D:8: 1259 daAuts
     D:5: 1153 daAuts
     D:9: 876 daAuts
